Oilers vs Devils

Created - November-22-13 at 19:03

Goals
1 2 3 T
Oilers 0 1 1 2
Devils 0 1 2 3
Shots
1 2 3 T
Oilers 7 10 6 23
Devils 9 13 15 37

1st period

No Goal

Penalties :
Sergei Gonchar (NJD) for Holding (Minor) at 1:31, Vladimir Sobotka (NJD) for Hooking (Minor) at 11:11

2nd period

1. Oilers , Dennis Wideman 1 (David Backes) at 3:14
2. Devils , Trevor Daley 7 (James van Riemsdyk, Mark Streit) at 8:09 (PP)

Penalties :
Colin McDonald (EDM) for Holding (Minor) at 7:47, Mike Weaver (NJD) for Hooking (Minor) at 8:28, Vladimir Sobotka (NJD) for Tripping (Minor) at 8:43, Mike Weaver (NJD) for Slashing (Minor) at 12:22

3rd period

3. Oilers , Charlie Coyle 5 (Mikkel Boedker, David Backes) at 0:24
4. Devils , Trevor Daley 8 (James van Riemsdyk, Carl Hagelin) at 6:55 (PP)
5. Devils , Mark Letestu 13 (Sergei Gonchar, David Clarkson) at 7:11 (PP)

Penalties :
Dennis Wideman (EDM) for Tripping (Minor) at 5:10, Scott Hannan (EDM) for Tripping (Minor) at 6:26, Trevor Daley (NJD) for Boarding (Minor) at 8:17, Chris Phillips (EDM) for Holding (Minor) at 17:20

Goalie Stats

Ben Scrivens (EDM), 34 saves from 37 shots - (0.919), L, 5-5-2, 59:36 minutes
Sergei Bobrovsky (NJD), 21 saves from 23 shots - (0.913), W, 16-3-3, 60:00 minutes

Players Stats for Oilers

Player Name              G  A  P  +/- PIM S  H  SB GA TA FO     MP     PP MP  PK MP  
------------------------------------------------------------------------------------
Adam Burish              0  0  0   0  0   1  1  0  0  0  0/0    10:08   0:00   0:21 
Brandon Sutter           0  0  0   0  0   0  0  0  0  0  9/16   12:59   0:00   2:44 
Brian Flynn              0  0  0   0  0   1  0  0  0  0  0/0     9:47   0:00   0:00 
Charlie Coyle            1  0  1   2  0   4  2  0  0  0  1/1    18:11   4:58   0:00 
Chris Phillips           0  0  0   1  2   2  4  2  0  0  0/0    23:12   4:38   0:26 
Colin McDonald           0  0  0   0  2   1  2  0  0  0  0/0    16:06   5:12   0:00 
David Backes             0  2  2   2  0   2  1  0  0  0  13/26  17:31   4:58   0:00 
Dennis Wideman           1  0  1   1  2   2  1  2  0  0  0/0    18:31   4:38   1:25 
Derek Roy                0  0  0   0  0   1  0  1  0  0  7/17   17:25   5:12   0:00 
Drew Miller              0  0  0   0  0   2  2  0  0  0  0/1    12:36   0:00   2:21 
Dustin Jeffrey           0  0  0   0  0   1  0  0  0  0  4/8    10:16   0:00   0:29 
Jeff Schultz             0  0  0   1  0   0  5  2  0  0  0/0    15:25   0:00   2:56 
Jochen Hecht             0  0  0   0  0   0  0  0  0  0  1/2    18:13   5:12   0:48 
Justin Schultz           0  0  0   0  0   2  0  1  0  0  0/0    21:40   5:32   0:38 
Maxime Talbot            0  0  0   0  0   0  2  1  0  0  1/1    13:01   0:00   0:48 
Mikkel Boedker           0  1  1   2  0   2  1  1  0  0  1/2    18:55   4:58   0:44 
Scott Hannan             0  0  0   1  2   1  0  4  0  0  0/0    18:31   0:00   1:02 
Sheldon Souray           0  0  0   0  0   1  6  3  0  0  0/0    22:38   5:32   2:16 

Players Stats for Devils

Player Name              G  A  P  +/- PIM S  H  SB GA TA FO     MP     PP MP  PK MP  
------------------------------------------------------------------------------------
Ales Hemsky              0  0  0  -1  0   0  0  0  0  0  0/0     8:56   0:00   0:00 
Artem Anisimov           0  0  0   0  0   8  0  0  0  0  1/1    16:06   1:57   0:00 
Brenden Dillon           0  0  0  -1  0   0  4  0  0  0  0/0    17:13   0:00   6:22 
Carl Hagelin             0  1  1  -1  0   2  3  0  0  0  0/0    21:33   2:25   3:28 
Clarke MacArthur         0  0  0  -1  0   1  0  0  0  0  2/2     9:14   0:00   0:18 
David Clarkson           0  1  1   0  0   2  2  0  0  0  0/0     8:44   1:57   0:44 
James van Riemsdyk       0  2  2  -1  0   4  1  0  0  0  1/2    18:05   2:25   0:00 
Jonathan Huberdeau       0  0  0  -1  0   3  0  0  0  0  7/20   18:58   2:25   0:53 
Mark Letestu             1  0  1   0  0   3  0  0  0  0  2/5    16:06   1:57   0:00 
Mark Streit              0  1  1  -1  0   0  0  0  0  0  0/0    16:31   2:25   0:08 
Mike Weaver              0  0  0  -1  4   0  3  1  0  0  0/0    20:37   0:00   1:47 
Nikita Nikitin           0  0  0   0  0   0  0  0  0  0  0/0    22:24   1:57   4:02 
Saku Koivu               0  0  0   0  0   4  0  0  0  0  11/17  20:00   0:00   5:11 
Sergei Gonchar           0  1  1  -1  2   1  0  3  0  0  0/0    20:44   1:57   4:23 
Tommy Wingels            0  0  0   0  0   0  1  0  0  0  0/0    11:23   0:00   4:40 
Trevor Daley             2  0  2   0  2   4  0  2  0  0  0/0    22:27   2:25   3:38 
Trevor Lewis             0  0  0   0  0   2  0  0  0  0  5/10    6:03   0:00   0:00 
Vladimir Sobotka         0  0  0  -1  4   3  2  0  0  0  8/17   12:56   0:00   3:21 

3 Stars

1 - Charlie Coyle (EDM)
2 - Trevor Daley (NJD)
3 - David Backes (EDM)

Power Play

Oilers - 0 on 6 Attempt(s) - 0.00%
Devils - 3 on 4 Attempt(s) - 75.00%

Penalty Kill

Oilers - 1 on 4 Attempt(s) - 25.00% - Score 0 goal in Penalty Kill
Devils - 6 on 6 Attempt(s) - 100.00% - Score 0 goal in Penalty Kill

Official

Referees : Brian Pochmara and Chris Rooney
Linesman : Pierre Racicot and Mark Wheler

Game Notes

No Game Note

Finance

Level 1 -- Attendance: 4842 (80.70%) -- Ticket Income $532,620
Level 2 -- Attendance: 4442 (88.84%) -- Ticket Income $310,940
Level 3 -- Attendance: 2000 (100.00%) -- Ticket Income $130,000
Level 4 -- Attendance: 3208 (88.50%) -- Ticket Income $57,744
Luxury Box -- Attendance: 990 (99.00%) -- Ticket Income $163,350
Game was played at the Prudential Center
Total Attendance: 15482 (87.84%)
Total Ticket Income: $1,194,654
Other Income: $179,198
Total Income: $1,373,852


% Time on Ice - Oilers

Lines # - Real PCT - Wanted PCT - Time Play
Normal Forward
1 - 28% - 28% - 12:33
2 - 27% - 27% - 12:13
3 - 23% - 25% - 10:15
4 - 22% - 20% - 9:47
Normal Defense
1 - 35% - 32% - 15:35
2 - 28% - 30% - 12:29
3 - 33% - 29% - 14:50
4 - 4% - 9% - 1:54
PP Forward
1 - 49% - 60% - 4:58
2 - 51% - 40% - 5:12
PP Defense
1 - 54% - 60% - 5:32
2 - 46% - 40% - 4:38
PK Forward
1 - 79% - 60% - 3:05
2 - 21% - 40% - 0:48
PK Defense
1 - 47% - 60% - 1:50
2 - 53% - 40% - 2:03
PK3 Forward
1 - 100% - 51% - 0:29
2 - 0% - 49% - 0:00
PK3 Defense
1 - 100% - 60% - 0:29
2 - 0% - 40% - 0:00
44 Forward
1 - 0% - 60%
2 - 0% - 40%
44 Defense
1 - 0% - 60%
2 - 0% - 40%
Last Minute Offensive  - 0:40
Last Minute Defensive  - 0:00
Total
Forward - 60:00
Defense - 60:00

% Time on Ice - Devils

Lines # - Real PCT - Wanted PCT - Time Play
Normal Forward
1 - 35% - 35% - 15:40
2 - 32% - 30% - 14:09
3 - 20% - 20% - 8:56
4 - 14% - 15% - 6:03
Normal Defense
1 - 37% - 35% - 16:25
2 - 32% - 35% - 14:25
3 - 23% - 20% - 10:11
4 - 8% - 10% - 3:47
PP Forward
1 - 55% - 60% - 2:25
2 - 45% - 40% - 1:57
PP Defense
1 - 55% - 60% - 2:25
2 - 45% - 40% - 1:57
PK Forward
1 - 59% - 55% - 4:58
2 - 41% - 45% - 3:28
PK Defense
1 - 48% - 55% - 4:02
2 - 52% - 45% - 4:24
PK3 Forward
1 - 58% - 50% - 1:00
2 - 42% - 50% - 0:44
PK3 Defense
1 - 58% - 55% - 1:00
2 - 42% - 45% - 0:44
44 Forward
1 - 0% - 50%
2 - 0% - 50%
44 Defense
1 - 0% - 50%
2 - 0% - 50%
Last Minute Offensive  - 0:00
Last Minute Defensive  - 0:40
Total
Forward - 60:00
Defense - 60:00

Play by Play

1st period


0:01 of 1st period - Jonathan Huberdeau wins face-off versus David Backes in neutral zone.
1:19 of 1st period - Dennis Wideman is hit by Mike Weaver and loses puck.
1:31 of 1st period - Minor Penalty to Sergei Gonchar for Holding.
1:32 of 1st period - Vladimir Sobotka wins face-off versus Derek Roy in Devils zone.
2:08 of 1st period - Shot by Justin Schultz.
2:08 of 1st period - Stopped by Sergei Bobrovsky without a rebound.
2:09 of 1st period - Saku Koivu wins face-off versus David Backes in Devils zone.
2:18 of 1st period - Shot by Dennis Wideman.
2:18 of 1st period - Shot Blocked by Mike Weaver.
2:20 of 1st period - Shot by Dennis Wideman.
2:20 of 1st period - Deflect By Mikkel Boedker.
2:20 of 1st period - Shot Misses the Net.
2:28 of 1st period - Shot by Dennis Wideman.
2:28 of 1st period - Shot Misses the Net.
2:30 of 1st period - Shot by Dennis Wideman.
2:30 of 1st period - Stopped by Sergei Bobrovsky without a rebound.
2:31 of 1st period - Vladimir Sobotka wins face-off versus Derek Roy in Devils zone.
3:00 of 1st period - Shot by Justin Schultz.
3:00 of 1st period - Shot Misses the Net.
3:56 of 1st period - Shot by Dustin Jeffrey.
3:56 of 1st period - Stopped by Sergei Bobrovsky without a rebound.
3:57 of 1st period - Trevor Lewis wins face-off versus Brandon Sutter in Devils zone.
3:57 of 1st period - Tommy Wingels is hit by Drew Miller and loses puck.
5:18 of 1st period - Shot by Brian Flynn.
5:18 of 1st period - Shot Blocked by Trevor Daley.
5:32 of 1st period - Artem Anisimov is hit by Maxime Talbot and loses puck.
5:54 of 1st period - Jochen Hecht is hit by Brenden Dillon and loses puck.
6:01 of 1st period - Shot by Derek Roy.
6:01 of 1st period - Stopped by Sergei Bobrovsky without a rebound.
6:02 of 1st period - Clarke MacArthur wins face-off versus David Backes in Devils zone.
6:32 of 1st period - Shot by Clarke MacArthur.
6:32 of 1st period - Stopped by Ben Scrivens without a rebound.
6:33 of 1st period - James van Riemsdyk wins face-off versus Brandon Sutter in Oilers zone.
6:39 of 1st period - James van Riemsdyk is hit by Chris Phillips and loses puck.
6:54 of 1st period - James van Riemsdyk is hit by Colin McDonald and loses puck.
7:25 of 1st period - Shot by Saku Koivu.
7:25 of 1st period - Shot Misses the Net.
7:27 of 1st period - Shot by Trevor Daley.
7:27 of 1st period - Shot Blocked by Scott Hannan.
7:29 of 1st period - Shot by Artem Anisimov.
7:29 of 1st period - Shot Misses the Net.
7:31 of 1st period - Shot by Mark Letestu.
7:31 of 1st period - Shot Misses the Net.
7:47 of 1st period - Shot by Artem Anisimov.
7:47 of 1st period - Stopped by Ben Scrivens with a rebound.
8:08 of 1st period - Trevor Daley is hit by Sheldon Souray.
8:34 of 1st period - Shot by Clarke MacArthur.
8:34 of 1st period - Shot Misses the Net.
8:42 of 1st period - Shot by Clarke MacArthur.
8:42 of 1st period - Shot Blocked by Justin Schultz.
9:01 of 1st period - Off-side.
9:02 of 1st period - Mikkel Boedker wins face-off versus Jonathan Huberdeau in neutral zone.
9:30 of 1st period - Jonathan Huberdeau is hit by Jeff Schultz and loses puck.
9:54 of 1st period - Icing by Dennis Wideman.
9:55 of 1st period - Trevor Lewis wins face-off versus David Backes in Oilers zone.
10:18 of 1st period - Shot by Trevor Lewis.
10:18 of 1st period - Stopped by Ben Scrivens with a rebound.
10:20 of 1st period - Shot by Trevor Lewis.
10:20 of 1st period - Stopped by Ben Scrivens without a rebound.
10:21 of 1st period - Vladimir Sobotka wins face-off versus Dustin Jeffrey in Oilers zone.
10:41 of 1st period - Icing by Vladimir Sobotka.
10:42 of 1st period - Clarke MacArthur wins face-off versus Derek Roy in Devils zone.
11:11 of 1st period - Minor Penalty to Vladimir Sobotka for Hooking.
11:12 of 1st period - Saku Koivu wins face-off versus Mikkel Boedker in Devils zone.
11:12 of 1st period - Saku Koivu is hit by Charlie Coyle.
11:29 of 1st period - Saku Koivu is hit by Sheldon Souray and loses puck.
11:38 of 1st period - Shot by Mikkel Boedker.
11:38 of 1st period - Shot Blocked by Sergei Gonchar.
13:46 of 1st period - Vladimir Sobotka is hit by Jeff Schultz and loses puck.
14:25 of 1st period - Shot by Trevor Daley.
14:25 of 1st period - Stopped by Ben Scrivens with a rebound.
14:27 of 1st period - Shot by Trevor Daley.
14:27 of 1st period - Shot Misses the Net.
14:29 of 1st period - Shot by Jonathan Huberdeau.
14:29 of 1st period - Shot Misses the Net.
14:56 of 1st period - David Clarkson is hit by Sheldon Souray and loses puck.
15:47 of 1st period - Shot by Mark Letestu.
15:47 of 1st period - Stopped by Ben Scrivens without a rebound.
15:48 of 1st period - Derek Roy wins face-off versus Vladimir Sobotka in Oilers zone.
16:01 of 1st period - Shot by Vladimir Sobotka.
16:01 of 1st period - Stopped by Ben Scrivens without a rebound.
16:02 of 1st period - David Backes wins face-off versus Mark Letestu in Oilers zone.
16:30 of 1st period - Saku Koivu is hit by Chris Phillips and loses puck.
16:35 of 1st period - Shot by Artem Anisimov.
16:35 of 1st period - Shot Blocked by Scott Hannan.
16:39 of 1st period - Shot by Mark Letestu.
16:39 of 1st period - Shot Misses the Net.
16:59 of 1st period - Shot by Jonathan Huberdeau.
16:59 of 1st period - Shot Blocked by Dennis Wideman.
17:09 of 1st period - Shot by James van Riemsdyk.
17:09 of 1st period - Shot Blocked by Derek Roy.
17:54 of 1st period - Shot by Sheldon Souray.
17:54 of 1st period - Shot Misses the Net.
17:56 of 1st period - Shot by Sheldon Souray.
17:56 of 1st period - Stopped by Sergei Bobrovsky without a rebound.
17:57 of 1st period - Dustin Jeffrey wins face-off versus Trevor Lewis in Devils zone.
17:57 of 1st period - Dustin Jeffrey is hit by Mike Weaver.
18:04 of 1st period - Brian Flynn is hit by Mike Weaver and loses puck.
18:09 of 1st period - Shot by Dustin Jeffrey.
18:09 of 1st period - Shot Misses the Net.
18:11 of 1st period - Shot by Scott Hannan.
18:11 of 1st period - Stopped by Sergei Bobrovsky without a rebound.
18:12 of 1st period - David Backes wins face-off versus Saku Koivu in Devils zone.
18:25 of 1st period - Shot by Saku Koivu.
18:25 of 1st period - Deflect By Mark Letestu.
18:25 of 1st period - Shot Blocked by Dennis Wideman.
18:27 of 1st period - Shot by Artem Anisimov.
18:27 of 1st period - Shot Misses the Net.
18:29 of 1st period - Shot by Saku Koivu.
18:29 of 1st period - Stopped by Ben Scrivens without a rebound.
18:30 of 1st period - Maxime Talbot wins face-off versus Trevor Lewis in Oilers zone.
18:40 of 1st period - Sergei Gonchar is hit by Chris Phillips.
18:43 of 1st period - Icing by Scott Hannan.
18:44 of 1st period - Derek Roy wins face-off versus Saku Koivu in Oilers zone.
18:58 of 1st period - Shot by Artem Anisimov.
18:58 of 1st period - Stopped by Ben Scrivens without a rebound.
18:59 of 1st period - David Backes wins face-off versus Jonathan Huberdeau in Oilers zone.
18:59 of 1st period - David Backes is hit by Carl Hagelin.
19:02 of 1st period - Mikkel Boedker is hit by Carl Hagelin.
19:06 of 1st period - Shot by Justin Schultz.
19:06 of 1st period - Stopped by Sergei Bobrovsky without a rebound.
19:07 of 1st period - David Backes wins face-off versus Jonathan Huberdeau in Devils zone.
19:33 of 1st period - Jonathan Huberdeau is hit by David Backes and loses puck.
19:41 of 1st period - Icing by Mike Weaver.
19:42 of 1st period - Jonathan Huberdeau wins face-off versus Derek Roy in Devils zone.
19:46 of 1st period - Icing by Carl Hagelin.
19:47 of 1st period - Derek Roy wins face-off versus Jonathan Huberdeau in Devils zone.
Goals for this period are 0 for Oilers vs 0 for Devils.
Shots for this period are 7 for Oilers vs 9 for Devils.

2nd period


0:01 of 2nd period - Brandon Sutter wins face-off versus Saku Koivu in neutral zone.
0:14 of 2nd period - Shot by Brandon Sutter.
0:14 of 2nd period - Shot Blocked by Sergei Gonchar.
0:16 of 2nd period - Shot by Scott Hannan.
0:16 of 2nd period - Shot Misses the Net.
0:18 of 2nd period - Shot by Drew Miller.
0:18 of 2nd period - Stopped by Sergei Bobrovsky without a rebound.
0:19 of 2nd period - Derek Roy wins face-off versus Jonathan Huberdeau in Devils zone.
0:30 of 2nd period - Shot by Maxime Talbot.
0:30 of 2nd period - Shot Misses the Net.
0:43 of 2nd period - Carl Hagelin is hit by Jeff Schultz.
1:48 of 2nd period - Shot by Brian Flynn.
1:48 of 2nd period - Shot Misses the Net.
1:56 of 2nd period - Shot by Brian Flynn.
1:56 of 2nd period - Stopped by Sergei Bobrovsky with a rebound.
2:13 of 2nd period - Icing by Justin Schultz.
2:14 of 2nd period - Brandon Sutter wins face-off versus Vladimir Sobotka in Oilers zone.
2:23 of 2nd period - Mark Streit is hit by Colin McDonald and loses puck.
2:53 of 2nd period - Icing by Brenden Dillon.
2:54 of 2nd period - Vladimir Sobotka wins face-off versus David Backes in Devils zone.
2:54 of 2nd period - Vladimir Sobotka is hit by Mikkel Boedker.
3:14 of 2nd period - Shot by Dennis Wideman.
3:14 of 2nd period - Goal by Dennis Wideman - Oilers : 1 - Devils : 0.
3:15 of 2nd period - Dustin Jeffrey wins face-off versus Jonathan Huberdeau in neutral zone.
3:22 of 2nd period - Shot by Brian Flynn.
3:22 of 2nd period - Deflect By Adam Burish.
3:22 of 2nd period - Stopped by Sergei Bobrovsky without a rebound.
3:23 of 2nd period - Jonathan Huberdeau wins face-off versus David Backes in Devils zone.
3:38 of 2nd period - Shot by Mikkel Boedker.
3:38 of 2nd period - Shot Misses the Net.
3:46 of 2nd period - Shot by Jonathan Huberdeau.
3:46 of 2nd period - Shot Blocked by Chris Phillips.
3:48 of 2nd period - Shot by Jonathan Huberdeau.
3:48 of 2nd period - Stopped by Ben Scrivens without a rebound.
3:49 of 2nd period - Jochen Hecht wins face-off versus Saku Koivu in Oilers zone.
3:58 of 2nd period - Shot by Saku Koivu.
3:58 of 2nd period - Stopped by Ben Scrivens without a rebound.
3:59 of 2nd period - Brandon Sutter wins face-off versus Trevor Lewis in Oilers zone.
4:26 of 2nd period - Shot by David Clarkson.
4:26 of 2nd period - Stopped by Ben Scrivens without a rebound.
4:27 of 2nd period - Saku Koivu wins face-off versus David Backes in Oilers zone.
4:32 of 2nd period - Shot by Artem Anisimov.
4:32 of 2nd period - Stopped by Ben Scrivens without a rebound.
4:33 of 2nd period - Saku Koivu wins face-off versus David Backes in Oilers zone.
4:36 of 2nd period - Shot by Saku Koivu.
4:36 of 2nd period - Deflect By Mark Letestu.
4:36 of 2nd period - Shot Blocked by Scott Hannan.
4:38 of 2nd period - Shot by Mark Streit.
4:38 of 2nd period - Shot Blocked by Scott Hannan.
4:58 of 2nd period - Shot by Saku Koivu.
4:58 of 2nd period - Shot Misses the Net.
5:06 of 2nd period - Shot by Artem Anisimov.
5:06 of 2nd period - Stopped by Ben Scrivens without a rebound.
5:07 of 2nd period - Jonathan Huberdeau wins face-off versus Derek Roy in Oilers zone.
6:34 of 2nd period - Shot by Artem Anisimov.
6:34 of 2nd period - Stopped by Ben Scrivens with a rebound.
6:36 of 2nd period - Shot by Sergei Gonchar.
6:36 of 2nd period - Shot Misses the Net.
7:47 of 2nd period - Minor Penalty to Colin McDonald for Holding.
7:48 of 2nd period - Jonathan Huberdeau wins face-off versus Jochen Hecht in Oilers zone.
7:53 of 2nd period - Shot by James van Riemsdyk.
7:53 of 2nd period - Shot Misses the Net.
8:07 of 2nd period - Shot by James van Riemsdyk.
8:07 of 2nd period - Shot Misses the Net.
8:09 of 2nd period - Shot by Trevor Daley.
8:09 of 2nd period - Goal by Trevor Daley - Oilers : 1 - Devils : 1.
8:10 of 2nd period - Vladimir Sobotka wins face-off versus David Backes in neutral zone.
8:25 of 2nd period - Shot by David Backes.
8:25 of 2nd period - Stopped by Sergei Bobrovsky without a rebound.
8:26 of 2nd period - Derek Roy wins face-off versus Jonathan Huberdeau in Devils zone.
8:28 of 2nd period - Minor Penalty to Mike Weaver for Hooking.
8:29 of 2nd period - David Backes wins face-off versus Vladimir Sobotka in Devils zone.
8:43 of 2nd period - Minor Penalty to Vladimir Sobotka for Tripping.
8:44 of 2nd period - Saku Koivu wins face-off versus Derek Roy in Devils zone.
8:57 of 2nd period - Shot by Chris Phillips.
8:57 of 2nd period - Shot Misses the Net.
9:11 of 2nd period - Shot by Jochen Hecht.
9:11 of 2nd period - Shot Blocked by Trevor Daley.
9:13 of 2nd period - Shot by Jochen Hecht.
9:13 of 2nd period - Shot Misses the Net.
9:15 of 2nd period - Shot by Chris Phillips.
9:15 of 2nd period - Stopped by Sergei Bobrovsky with a rebound.
9:17 of 2nd period - Shot by Dennis Wideman.
9:17 of 2nd period - Shot Misses the Net.
10:52 of 2nd period - Icing by Jeff Schultz.
10:53 of 2nd period - Jonathan Huberdeau wins face-off versus Dustin Jeffrey in Oilers zone.
11:05 of 2nd period - Mike Weaver is hit by Dennis Wideman and loses puck.
11:23 of 2nd period - James van Riemsdyk is hit by Jeff Schultz and loses puck.
11:30 of 2nd period - Shot by James van Riemsdyk.
11:30 of 2nd period - Stopped by Ben Scrivens without a rebound.
11:31 of 2nd period - Derek Roy wins face-off versus Vladimir Sobotka in Oilers zone.
11:33 of 2nd period - Icing by Chris Phillips.
11:34 of 2nd period - Saku Koivu wins face-off versus Derek Roy in Oilers zone.
12:08 of 2nd period - Mark Letestu is hit by Chris Phillips and loses puck.
12:13 of 2nd period - Shot by Mark Letestu.
12:13 of 2nd period - Stopped by Ben Scrivens without a rebound.
12:14 of 2nd period - David Backes wins face-off versus Jonathan Huberdeau in Oilers zone.
12:18 of 2nd period - Justin Schultz is hit by James van Riemsdyk and loses puck.
12:22 of 2nd period - Minor Penalty to Mike Weaver for Slashing.
12:23 of 2nd period - Vladimir Sobotka wins face-off versus David Backes in Devils zone.
12:23 of 2nd period - Vladimir Sobotka is hit by Charlie Coyle.
12:33 of 2nd period - Shot by Mikkel Boedker.
12:33 of 2nd period - Stopped by Sergei Bobrovsky with a rebound.
12:35 of 2nd period - Shot by David Backes.
12:35 of 2nd period - Deflect By Charlie Coyle.
12:35 of 2nd period - Stopped by Sergei Bobrovsky without a rebound.
12:36 of 2nd period - Derek Roy wins face-off versus Vladimir Sobotka in Devils zone.
12:41 of 2nd period - Shot by Justin Schultz.
12:41 of 2nd period - Shot Misses the Net.
14:06 of 2nd period - David Backes is hit by Brenden Dillon and loses puck.
14:45 of 2nd period - Jeff Schultz is hit by Vladimir Sobotka and loses puck.
15:22 of 2nd period - Shot by Jonathan Huberdeau.
15:22 of 2nd period - Shot Misses the Net.
15:34 of 2nd period - Shot by James van Riemsdyk.
15:34 of 2nd period - Shot Misses the Net.
15:38 of 2nd period - Shot by Jonathan Huberdeau.
15:38 of 2nd period - Shot Misses the Net.
15:40 of 2nd period - Shot by Carl Hagelin.
15:40 of 2nd period - Shot Blocked by Jeff Schultz.
15:42 of 2nd period - Shot by Jonathan Huberdeau.
15:42 of 2nd period - Shot Misses the Net.
15:56 of 2nd period - Shot by Artem Anisimov.
15:56 of 2nd period - Shot Misses the Net.
15:58 of 2nd period - Shot by Saku Koivu.
15:58 of 2nd period - Stopped by Ben Scrivens without a rebound.
15:59 of 2nd period - David Backes wins face-off versus Trevor Lewis in Oilers zone.
16:06 of 2nd period - Shot by Charlie Coyle.
16:06 of 2nd period - Shot Misses the Net.
16:08 of 2nd period - Shot by David Backes.
16:08 of 2nd period - Deflect By Charlie Coyle.
16:08 of 2nd period - Shot Blocked by Sergei Gonchar.
16:12 of 2nd period - Shot by Chris Phillips.
16:12 of 2nd period - Stopped by Sergei Bobrovsky without a rebound.
16:13 of 2nd period - Saku Koivu wins face-off versus Brandon Sutter in Devils zone.
16:19 of 2nd period - Mark Streit is hit by Drew Miller and loses puck.
16:39 of 2nd period - Saku Koivu is hit by Sheldon Souray and loses puck.
16:43 of 2nd period - Saku Koivu is hit by Sheldon Souray and loses puck.
16:48 of 2nd period - Shot by Saku Koivu.
16:48 of 2nd period - Shot Misses the Net.
16:50 of 2nd period - Shot by Saku Koivu.
16:50 of 2nd period - Shot Blocked by Sheldon Souray.
16:52 of 2nd period - Shot by Artem Anisimov.
16:52 of 2nd period - Stopped by Ben Scrivens without a rebound.
16:53 of 2nd period - David Backes wins face-off versus Jonathan Huberdeau in Oilers zone.
17:06 of 2nd period - Shot by Mikkel Boedker.
17:06 of 2nd period - Shot Misses the Net.
17:29 of 2nd period - Shot by David Backes.
17:29 of 2nd period - Stopped by Sergei Bobrovsky without a rebound.
17:30 of 2nd period - Vladimir Sobotka wins face-off versus Derek Roy in Devils zone.
17:45 of 2nd period - Shot by Vladimir Sobotka.
17:45 of 2nd period - Shot Misses the Net.
19:20 of 2nd period - Mike Weaver is hit by Sheldon Souray and loses puck.
19:23 of 2nd period - Shot by James van Riemsdyk.
19:23 of 2nd period - Stopped by Ben Scrivens with a rebound.
19:25 of 2nd period - Shot by Jonathan Huberdeau.
19:25 of 2nd period - Stopped by Ben Scrivens without a rebound.
19:26 of 2nd period - Trevor Lewis wins face-off versus David Backes in Oilers zone.
19:37 of 2nd period - Mikkel Boedker is hit by David Clarkson and loses puck.
Goals for this period are 1 for Oilers vs 1 for Devils.
Shots for this period are 10 for Oilers vs 13 for Devils.

3rd period


0:01 of 3rd period - Charlie Coyle wins face-off versus James van Riemsdyk in neutral zone.
0:24 of 3rd period - Shot by Charlie Coyle.
0:24 of 3rd period - Goal by Charlie Coyle - Oilers : 2 - Devils : 1.
0:25 of 3rd period - Artem Anisimov wins face-off versus Brandon Sutter in neutral zone.
0:32 of 3rd period - Shot by Saku Koivu.
0:32 of 3rd period - Stopped by Ben Scrivens without a rebound.
0:33 of 3rd period - Brandon Sutter wins face-off versus Saku Koivu in Oilers zone.
0:42 of 3rd period - Shot by Drew Miller.
0:42 of 3rd period - Stopped by Sergei Bobrovsky without a rebound.
0:43 of 3rd period - David Backes wins face-off versus Jonathan Huberdeau in Devils zone.
0:56 of 3rd period - Shot by Mikkel Boedker.
0:56 of 3rd period - Stopped by Sergei Bobrovsky with a rebound.
1:17 of 3rd period - Shot by Charlie Coyle.
1:17 of 3rd period - Stopped by Sergei Bobrovsky without a rebound.
1:18 of 3rd period - Brandon Sutter wins face-off versus Saku Koivu in Devils zone.
1:39 of 3rd period - Shot by Brandon Sutter.
1:39 of 3rd period - Shot Misses the Net.
1:48 of 3rd period - Icing by Trevor Daley.
1:49 of 3rd period - Saku Koivu wins face-off versus Derek Roy in Devils zone.
1:49 of 3rd period - Saku Koivu is hit by Maxime Talbot.
1:57 of 3rd period - Shot by Mark Letestu.
1:57 of 3rd period - Shot Misses the Net.
1:59 of 3rd period - Shot by Mark Letestu.
1:59 of 3rd period - Deflect By Artem Anisimov.
1:59 of 3rd period - Stopped by Ben Scrivens with a rebound.
2:01 of 3rd period - Shot by Trevor Daley.
2:01 of 3rd period - Shot Misses the Net.
2:03 of 3rd period - Shot by Mark Letestu.
2:03 of 3rd period - Shot Misses the Net.
2:05 of 3rd period - Shot by Nikita Nikitin.
2:05 of 3rd period - Shot Misses the Net.
2:07 of 3rd period - Shot by Artem Anisimov.
2:07 of 3rd period - Shot Hit the Post.
2:45 of 3rd period - Shot by Jonathan Huberdeau.
2:45 of 3rd period - Shot Misses the Net.
2:47 of 3rd period - Shot by Sergei Gonchar.
2:47 of 3rd period - Shot Blocked by Maxime Talbot.
2:49 of 3rd period - Shot by Sergei Gonchar.
2:49 of 3rd period - Shot Misses the Net.
2:51 of 3rd period - Shot by James van Riemsdyk.
2:51 of 3rd period - Shot Misses the Net.
2:53 of 3rd period - Shot by Sergei Gonchar.
2:53 of 3rd period - Shot Misses the Net.
2:57 of 3rd period - Shot by James van Riemsdyk.
2:57 of 3rd period - Stopped by Ben Scrivens with a rebound.
2:59 of 3rd period - Shot by James van Riemsdyk.
2:59 of 3rd period - Shot Misses the Net.
3:01 of 3rd period - Shot by Jonathan Huberdeau.
3:01 of 3rd period - Shot Blocked by Sheldon Souray.
3:11 of 3rd period - Shot by Vladimir Sobotka.
3:11 of 3rd period - Stopped by Ben Scrivens without a rebound.
3:12 of 3rd period - Brandon Sutter wins face-off versus Vladimir Sobotka in Oilers zone.
3:19 of 3rd period - Shot by Colin McDonald.
3:19 of 3rd period - Stopped by Sergei Bobrovsky without a rebound.
3:20 of 3rd period - David Backes wins face-off versus Vladimir Sobotka in Devils zone.
3:23 of 3rd period - Shot by Mikkel Boedker.
3:23 of 3rd period - Deflect By Charlie Coyle.
3:23 of 3rd period - Stopped by Sergei Bobrovsky with a rebound.
3:49 of 3rd period - Icing by Chris Phillips.
3:50 of 3rd period - Saku Koivu wins face-off versus David Backes in Oilers zone.
5:05 of 3rd period - Shot by Trevor Daley.
5:05 of 3rd period - Stopped by Ben Scrivens without a rebound.
5:06 of 3rd period - Trevor Lewis wins face-off versus Brandon Sutter in Oilers zone.
5:10 of 3rd period - Minor Penalty to Dennis Wideman for Tripping.
5:11 of 3rd period - Jonathan Huberdeau wins face-off versus Brandon Sutter in Oilers zone.
6:26 of 3rd period - Minor Penalty to Scott Hannan for Tripping.
6:27 of 3rd period - Mark Letestu wins face-off versus Dustin Jeffrey in Oilers zone.
6:38 of 3rd period - Shot by Mark Letestu.
6:38 of 3rd period - Shot Misses the Net.
6:40 of 3rd period - Shot by David Clarkson.
6:40 of 3rd period - Stopped by Ben Scrivens without a rebound.
6:41 of 3rd period - Dustin Jeffrey wins face-off versus Jonathan Huberdeau in Oilers zone.
6:49 of 3rd period - Shot by Jonathan Huberdeau.
6:49 of 3rd period - Deflect By James van Riemsdyk.
6:49 of 3rd period - Shot Misses the Net.
6:51 of 3rd period - Shot by Carl Hagelin.
6:51 of 3rd period - Shot Blocked by Jeff Schultz.
6:53 of 3rd period - Shot by James van Riemsdyk.
6:53 of 3rd period - Shot Misses the Net.
6:55 of 3rd period - Shot by Trevor Daley.
6:55 of 3rd period - Goal by Trevor Daley - Oilers : 2 - Devils : 2.
6:56 of 3rd period - Mark Letestu wins face-off versus Brandon Sutter in neutral zone.
7:00 of 3rd period - Artem Anisimov is hit by Jeff Schultz and loses puck.
7:05 of 3rd period - Shot by Artem Anisimov.
7:05 of 3rd period - Stopped by Ben Scrivens with a rebound.
7:07 of 3rd period - Shot by David Clarkson.
7:07 of 3rd period - Shot Misses the Net.
7:09 of 3rd period - Shot by Sergei Gonchar.
7:09 of 3rd period - Stopped by Ben Scrivens with a rebound.
7:11 of 3rd period - Shot by Mark Letestu.
7:11 of 3rd period - Goal by Mark Letestu - Oilers : 2 - Devils : 3.
7:12 of 3rd period - David Backes wins face-off versus Jonathan Huberdeau in neutral zone.
7:19 of 3rd period - Scott Hannan is hit by Carl Hagelin and loses puck.
7:32 of 3rd period - Shot by Carl Hagelin.
7:32 of 3rd period - Shot Misses the Net.
7:38 of 3rd period - Shot by James van Riemsdyk.
7:38 of 3rd period - Stopped by Ben Scrivens with a rebound.
7:46 of 3rd period - Shot by Carl Hagelin.
7:46 of 3rd period - Stopped by Ben Scrivens without a rebound.
7:47 of 3rd period - Trevor Lewis wins face-off versus Drew Miller in Oilers zone.
8:17 of 3rd period - Minor Penalty to Trevor Daley for Boarding.
8:18 of 3rd period - David Backes wins face-off versus Vladimir Sobotka in Devils zone.
8:18 of 3rd period - David Backes is hit by Brenden Dillon.
8:43 of 3rd period - Icing by David Backes.
8:44 of 3rd period - Vladimir Sobotka wins face-off versus David Backes in Oilers zone.
10:30 of 3rd period - Shot by Vladimir Sobotka.
10:30 of 3rd period - Stopped by Ben Scrivens without a rebound.
10:31 of 3rd period - Dustin Jeffrey wins face-off versus Jonathan Huberdeau in Oilers zone.
11:05 of 3rd period - Shot by James van Riemsdyk.
11:05 of 3rd period - Deflect By Jonathan Huberdeau.
11:05 of 3rd period - Shot Misses the Net.
11:17 of 3rd period - Saku Koivu is hit by Adam Burish and loses puck.
12:03 of 3rd period - Icing by Sheldon Souray.
12:04 of 3rd period - David Backes wins face-off versus Vladimir Sobotka in Oilers zone.
12:04 of 3rd period - David Backes is hit by Vladimir Sobotka.
12:22 of 3rd period - Shot by Charlie Coyle.
12:22 of 3rd period - Shot Misses the Net.
12:33 of 3rd period - Shot by Trevor Daley.
12:33 of 3rd period - Shot Blocked by Sheldon Souray.
12:35 of 3rd period - Shot by Ales Hemsky.
12:35 of 3rd period - Shot Blocked by Mikkel Boedker.
13:47 of 3rd period - Icing by Scott Hannan.
13:48 of 3rd period - Saku Koivu wins face-off versus Derek Roy in Oilers zone.
14:15 of 3rd period - Icing by Sergei Gonchar.
14:16 of 3rd period - Saku Koivu wins face-off versus Dustin Jeffrey in Devils zone.
15:27 of 3rd period - Shot by Jonathan Huberdeau.
15:27 of 3rd period - Stopped by Ben Scrivens without a rebound.
15:28 of 3rd period - Brandon Sutter wins face-off versus Trevor Lewis in Oilers zone.
15:28 of 3rd period - Brandon Sutter is hit by Tommy Wingels.
16:56 of 3rd period - Shot by James van Riemsdyk.
16:56 of 3rd period - Shot Blocked by Chris Phillips.
16:58 of 3rd period - Shot by Carl Hagelin.
16:58 of 3rd period - Stopped by Ben Scrivens with a rebound.
17:20 of 3rd period - Minor Penalty to Chris Phillips for Holding.
17:21 of 3rd period - Brandon Sutter wins face-off versus Mark Letestu in Oilers zone.
17:21 of 3rd period - Brandon Sutter is hit by David Clarkson.
17:32 of 3rd period - Icing by David Clarkson.
17:33 of 3rd period - Brandon Sutter wins face-off versus Mark Letestu in Devils zone.
19:36 of 3rd period - Oilers, Ben Scrivens is pulled from the net.
19:53 of 3rd period - Charlie Coyle is hit by Brenden Dillon and loses puck.
Goals for this period are 1 for Oilers vs 2 for Devils.
Shots for this period are 6 for Oilers vs 15 for Devils.


Output by the SimonT Hockey Simulator (STHS) for Stephane Roy -- Original Page W3C XHTML 1.0 Valid
Hockey Simulator - Hockey Simulation - Hockey Manager